 Dungeon Crawl Stone Soup version 0.22.0-32-gbc6daba (webtiles) character file.

218 iamserjio the Ruffian (level 5, -3/50 HPs)
             Began as a Troll Fighter on Aug 23, 2018.
             Was an Initiate of Cheibriados.
             Slain by Sigmund
             ... wielding a +0 scythe
              (9 damage)
             ... on level 4 of the Dungeon.
             The game lasted 00:04:30 (462 turns).

iamserjio the Ruffian (Troll Fighter)                Turns: 462, Time: 00:04:31

Health: -3/50      AC:  5    Str: 25    XL:     5   Next: 63%
Magic:  4/4        EV: 14    Int:  6    God:    Cheibriados [......]
Gold:   0          SH: 10    Dex: 15    Spells: 4/4 levels left

rFire    . . .     SeeInvis .     - Unarmed
rCold    . . .     Gourm    +   b - +0 shield
rNeg     . . .     Faith    .   a - +0 robe
rPois    .         Spirit   .   (helmet restricted)
rElec    .         Reflect  .   (no cloak)
rCorr    .         Harm     .   (gloves unavailable)
MR       .....                  (boots unavailable)
Stlth    ++........             (no amulet)
HPRegen  0.56/turn              (no ring)
MPRegen  0.09/turn              (no ring)

@: agile, hasted, quick
A: large, unfitting armour, claws 3, fast metabolism 3, gourmand, regeneration
1, shaggy fur 1, tough skin 2
a: Bend Time, Renounce Religion


You were on level 4 of the Dungeon.
You worshipped Cheibriados.
Cheibriados was noncommittal.
You were not hungry.

You visited 2 branches of the dungeon, and saw 5 of its levels.

Inventory:

Armour
 a - a +0 robe (worn)
 b - a +0 shield (worn)
Scrolls
 c - a scroll of fog {unknown}
 e - 2 scrolls of remove curse {unknown}
 f - a scroll of fear {unknown}
 g - a scroll of enchant armour {unknown}
 h - 2 scrolls of blinking {unknown}
 i - a scroll of magic mapping {unknown}
Potions
 j - 2 potions of agility
Comestibles
 d - 4 rations


   Skills:
 + Level 2.4 Fighting
 - Level 2.4 Dodging
 + Level 3.6 Shields
 * Level 5.0 Unarmed Combat
 + Level 0.0 Invocations


You had 4 spell levels left.
You didn't know any spells.
Your spell library was empty.

Dungeon Overview and Level Annotations

Branches:
Dungeon (4/15)             Temple (1/1) D:4

Altars:
Ashenzari
Cheibriados
Dithmenos
Elyvilon
Fedhas
Gozag
Hepliaklqana
Kikubaaqudgha
Makhleb
Nemelex Xobeh
Qazlal
Ru
Trog
Uskayaw
Vehumet
Wu Jian
Xom
Yredelemnul
Zin

Annotations:
D:4 Sigmund


Innate Abilities, Weirdness & Mutations

You are too large for most types of armour.
You have claws for hands.
Your metabolism is lightning-fast.
You like to eat raw meat.
Your natural rate of healing is unusually fast.
You are covered in fur. (AC +1)
You have very tough skin. (AC +2)


Message History

Something hits you.
* * * LOW HITPOINT WARNING * * *
You aren't carrying any items that you can evoke.
Unknown command.
You miss something. Something hits you!
* * * LOW HITPOINT WARNING * * *
You miss something. Something hits you!
* * * LOW HITPOINT WARNING * * *
It was a potion of agility.
You feel agile all of a sudden. Something barely misses you.
It was a potion of curing.
You feel better. You block something's attack.
It was a potion of haste.
You feel yourself speed up.
Cheibriados forgives your accidental hurry, just this once.
Something hits you.
* * * LOW HITPOINT WARNING * * *
Okay, then.
You miss something. You claw something! Something hits you!
You die...

#.
#.##.###.............#
#.
##.##.###.#.........###
#.##......%..##.##.##.##
#..#..............(...#
#..........###########
#####...)......#
...............# #######
#####..........##{......
##..........@.#
##############


There were no monsters in sight!

Vanquished Creatures
  4 worker ants
  7 gnolls
  2 adders
  A dart slug (D:3)
  9 orcs
  A bat (D:3)
  3 giant cockroaches
  2 hobgoblins
  2 kobolds
  A quokka (D:3)
  A ball python (D:4)
  2 frilled lizards
  2 rats (D:2)
37 creatures vanquished.

Vanquished Creatures (others)
  8 toadstools (D:3)
8 creatures vanquished.

Grand Total: 45 creatures vanquished

Notes
Turn   | Place    | Note
-------+----------+-------------------------------------------
     0 | D:1      | iamserjio the Troll Fighter began the quest for the Orb.
     0 | D:1      | Reached XP level 1. HP: 22/22 MP: 0/0
   120 | D:3      | Reached XP level 2. HP: 21/29 MP: 1/1
   139 | D:2      | Reached skill level 3 in Unarmed Combat
   139 | D:2      | Reached XP level 3. HP: 34/36 MP: 2/2
   190 | D:4      | Reached XP level 4. HP: 36/44 MP: 3/3
   196 | D:4      | Reached skill level 4 in Unarmed Combat
   211 | D:4      | Found a staircase to the Ecumenical Temple.
   231 | D:4      | Reached XP level 5. HP: 34/50 MP: 4/4
   315 | Temple   | Entered the Ecumenical Temple
   388 | Temple   | Became a worshipper of Cheibriados the Contemplative
   424 | D:4      | Reached skill level 5 in Unarmed Combat
   446 | D:4      | Noticed Sigmund
   462 | D:4      | Slain by Sigmund

Skill      XL: |  1  2  3  4  5 |
---------------+----------------+-----
Unarmed Combat | 3 4 5 |  5.0
Shields        | 3 |  3.6
Fighting       | |  2.4
Dodging        | |  2.4

Action                   |  1- 3 |  4- 6 || total
-------------------------+-------+-------++-------
Melee: Unarmed           |    49 |    65 ||   114
  Use: Potion            |     1 |     3 ||     4
  Eat: Chunk             |     1 |     1 ||     2
Armor: Robe              |    20 |    14 ||    34
Dodge: Dodged            |    16 |    13 ||    29
Block: Shield            |    30 |    24 ||    54
